 Dungeon Crawl Stone Soup version 0.19.0-11-g3fc08b3 (webtiles) character file.

190 Jerry the Sneak (level 5, -1/26 HPs)
             Began as a Vine Stalker Assassin on Nov 8, 2016.
             Slain by an orc
             ... wielding a +0 hand axe
              (2 damage)
             ... on level 3 of the Dungeon.
             The game lasted 00:11:58 (2043 turns).

Jerry the Sneak (Vine Stalker Assassin)             Turns: 2043, Time: 00:11:58

Health: -1/26      AC:  3    Str: 15    XL:     5   Next: 69%
Magic:  0/6        EV: 12    Int: 11    God:
Gold:   157        SH:  0    Dex: 15    Spells: 0 memorised, 4 levels left

rFire  . . .     SeeInvis .     t - +2 falchion (holy)
rCold  . . .     Gourm    .     c - +0 robe
rNeg   . . .     Faith    .     (no shield)
rPois  .         Spirit   +     (no helmet)
rElec  .         Reflect  .     d - +0 cloak
rCorr  .         Harm     .     (no gloves)
MR     .....                    (no boots)
Stlth  +++.......               (no amulet)
                                (no ring)
                                (no ring)

@: no status effects
A: fangs 2, regeneration 1, magic shield, antimagic bite, no device heal 3, rot
immunity
a: no special abilities


You were on level 3 of the Dungeon.
You were not hungry.

You visited 1 branch of the dungeon, and saw 3 of its levels.

You collected 157 gold pieces.

Inventory:

Hand Weapons
 a - a +2 dagger
 b - a +0 blowgun
 t - a +2 falchion of holy wrath (weapon)
Missiles
 e - 7 poisoned needles
 f - 2 curare-tipped needles
Armour
 c - a +0 robe (worn)
 d - a +0 cloak (worn)
 u - a cursed +0 crystal plate armour
Scrolls
 h - 2 scrolls of blinking {unknown}
 i - a scroll of recharging {unknown}
 k - 3 scrolls of teleportation {unknown}
 l - 2 scrolls of amnesia {unknown}
 n - a scroll of random uselessness {unknown}
 o - 3 scrolls of enchant weapon {unknown}
 s - a scroll of identify {unknown}
Potions
 m - a potion of flight {unknown}
 p - a potion of agility {unknown}
 r - a potion of curing {unknown}
Comestibles
 g - a bread ration
 j - 2 meat rations
 q - 4 chunks of flesh


   Skills:
 - Level 2.1 Fighting
 + Level 3.8 Short Blades
 - Level 2.1 Throwing
 + Level 0.8 Armour
 - Level 1.0 Dodging
 - Level 6.0 Stealth


You had 4 spell levels left.
You didn't know any spells.

Dungeon Overview and Level Annotations

Branches:
Dungeon (3/15)

Altars:
Kikubaaqudgha
Okawaru

Annotations:
D:3 Jessica


Innate Abilities, Weirdness & Mutations

You have extremely sharp teeth.
Your natural rate of healing is unusually fast.
When hurt, damage is shared between your health and your magic reserves.
Your bite disrupts and absorbs the magic of your enemies.
Potions and wands cannot restore your health.
You are immune to rotting.


Message History

* * * LOW HITPOINT WARNING * * *
You are too injured to fight recklessly!
You are too injured to fight recklessly!
You hit the orc wizard.
The orc wizard is moderately wounded.
The orc wizard hits you but does no damage.
The orc closely misses you.
You riposte.
You closely miss the orc. You hit the orc wizard. You bite the orc wizard.
The orc wizard's magic leaks into the air.
You drain its magic.
You feel invigorated.
The orc wizard is heavily wounded.
The orc wizard hits you with a dagger.
* * * LOW HITPOINT WARNING * * *
The orc hits you with a hand axe.
* * * LOW HITPOINT WARNING * * *
Unknown command.
You slash the orc wizard!
You kill the orc wizard!
The orc hits you with a hand axe.
You die...

.#
####..............
.
.................#
#
###............#.#
##............#.#
#.............#
#.##..>.......#
...(.#.........#
.o...##...%...##
.....#.....o@..#
.... #.......).#
... #.........#
#.........#
#.........#
##.......##
##.....## #######


You could see an orc.

Vanquished Creatures
  An orc wizard (D:3)
  7 gnolls
  2 adders (D:2)
  An ooze (D:1)
  A worm (D:2)
  4 dart slugs
  A leopard gecko (D:1)
  2 orcs (D:3)
  9 giant cockroaches
  6 goblins
  2 hobgoblins (D:2)
  3 jackals (D:3)
  10 bats
  2 frilled lizards (D:2)
  7 kobolds
  2 rats
60 creatures vanquished.

Notes
Turn   | Place    | Note
-------+----------+-------------------------------------------
     0 | D:1      | Jerry the Vine Stalker Assassin began the quest for the Orb.
     0 | D:1      | Reached XP level 1. HP: 11/11 MP: 2/2
   127 | D:1      | Reached XP level 2. HP: 13/15 MP: 3/3
   222 | D:1      | Reached skill level 1 in Dodging
   322 | D:1      | Reached XP level 3. HP: 18/18 MP: 4/4
   523 | D:2      | Found an iron altar of Okawaru.
   603 | D:2      | Found a faded altar of an unknown god.
   882 | D:2      | Reached skill level 5 in Stealth
   893 | D:2      | Gained mutation: Your natural rate of healing is unusually fast. [Vine Stalker growth]
   893 | D:2      | Reached XP level 4. HP: 7/23 MP: 2/5
  1154 | D:2      | Found an ancient bone altar of Kikubaaqudgha.
  1374 | D:2      | Reached XP level 5. HP: 26/26 MP: 6/6
  1550 | D:2      | Reached skill level 6 in Stealth
  2030 | D:3      | Noticed Jessica
  2042 | D:3      | HP: 1/26 [orc/hand axe (3)]
  2043 | D:3      | Slain by an orc

Skill      XL: |  1  2  3  4  5 |
---------------+----------------+-----
Short Blades   | 2 3 |  3.8
Throwing       | 2 |  2.1
Dodging        | 1 |  1.0
Fighting       | 2 |  2.1
Stealth        | 5 6 |  6.0
Armour         | |  0.8

Action                   |  1- 3 |  4- 6 || total
-------------------------+-------+-------++-------
Melee: Dagger            |    65 |    73 ||   138
       Bite              |    15 |    30 ||    45
       Falchion          |       |    30 ||    30
 Fire: Blowgun           |       |     7 ||     7
 Stab: Sleeping          |    11 |     2 ||    13
  Eat: Chunk             |       |     4 ||     4
Armor: Robe              |    11 |    20 ||    31
Dodge: Dodged            |    33 |    74 ||   107
       Rpst.: Falchion   |       |     7 ||     7
